 Dungeon Crawl Stone Soup version 0.21.1-1-g345015f (webtiles) character file.

1831 TheDeThijs the Basher (level 8, 73/73 HPs)
             Began as a Minotaur Berserker on Jan 13, 2018.
             Was an Elder of Trog.
             Got out of the dungeon alive.
             The game lasted 00:37:57 (8834 turns).

TheDeThijs the Basher (Minotaur Berserker)          Turns: 8834, Time: 00:37:58

Health: 73/73      AC:  4    Str: 24    XL:     8   Next: 86%
Magic:  7/7        EV: 11    Int:  4    God:    Trog [****..]
Gold:   344        SH:  0    Dex: 12    Spells: 7/7 levels left

rFire    . . .     SeeInvis .   b - +0 hunting sling
rCold    . . .     Gourm    .   (no shield)
rNeg     + . .     Faith    .   o - +1 scale mail
rPois    .         Spirit   .   (helmet restricted)
rElec    .         Reflect  .   (no cloak)
rCorr    .         Harm     .   (no gloves)
MR       .....                  (no boots)
Stlth    ..........             (no amulet)
HPRegen  0.22/turn              k - ring of positive energy
MPRegen  0.10/turn              (no ring)

@: no status effects
A: retaliatory headbutt, horns 2, agile 1, deformed body
a: Berserk, Trog's Hand, Brothers in Arms, Burn Spellbooks, Renounce Religion


You escaped.
You worshipped Trog.
Trog was greatly pleased with you.
You were hungry.

You visited 2 branches of the dungeon, and saw 8 of its levels.

You collected 344 gold pieces.

Inventory:

Hand Weapons
 a - a +1 mace
 b - a +0 hunting sling (weapon)
Missiles
 h - 353 stones
 l - 40 sling bullets (quivered)
 m - 4 throwing nets
Armour
 o - a +1 scale mail (worn)
Jewellery
 k - a ring of positive energy (left hand)
Wands
 e - a wand of digging (5)
 j - a wand of flame (59)
Scrolls
 d - a scroll of remove curse {unknown}
 f - 10 scrolls of identify
 g - a scroll of fear
 i - a scroll of torment {unknown}
 n - a scroll of amnesia {unknown}
 p - 2 scrolls of fog {unknown}
 r - a scroll of enchant weapon
Potions
 q - a potion of flight
Comestibles
 c - 7 rations


   Skills:
 + Level 7.1 Fighting
 * Level 9.9 Maces & Flails
 - Level 6.6(6.7) Slings
 + Level 1.3(4.0) Throwing
 - Level 3.1 Armour
 + Level 2.7 Dodging


You had 7 spell levels left.
You didn't know any spells.

Dungeon Overview and Level Annotations

Branches:
Dungeon (7/15)             Temple (1/1) D:4

Altars:
Cheibriados
Dithmenos
Elyvilon
Fedhas
Gozag
Hepliaklqana
Kikubaaqudgha
Makhleb
Nemelex Xobeh
Okawaru
Qazlal
Ru
Sif Muna
Trog
Uskayaw
Vehumet
Wu Jian
Xom
Yredelemnul
Zin
The Shining One

Shops:
D:4 %

Annotations:
D:3 Natasha


Innate Abilities, Weirdness & Mutations

You reflexively headbutt those who attack you in melee.
You have a pair of horns on your head.
You are agile. (Dex +2)
Armour fits poorly on your strangely shaped body.


Message History

You see here a club.
You see here a dagger.
There is a stone staircase leading up here.
You climb upwards.
There is a stone staircase leading down here.
There is an escape hatch in the ceiling here.
A mysterious force pulls you upwards. The hatch slams shut behind you.
You enter the shallow water.
Moving in this stuff is going to be slow.
You are feeling hungry.
There is a large open door here.
(D) Dungeon (T) Temple
Where to? (Enter - D:1 @ (x,y), ? - help)
Okay, then.
There is a large open door here.
There is a large open door here.
There is a staircase leading out of the dungeon here.
You can't go down here!
Are you sure you want to leave the Dungeon?
This will make you lose the game!
You have escaped!

.....................##.#........
#...#.#.#............##.#..#.#.#.
##.........#.#.......##)#........
.....#.......##.........#.......#
##..##..........................#
........≈≈≈≈≈≈≈≈≈≈≈≈≈≈≈≈≈≈.......
....###.≈..8..........8..≈#..####
###.###.≈.##############.≈#......
......#.≈8#.....@......#8≈#..####
....#.#.≈.######''######.≈#..# #
....#.#.≈.#...§§§...§..#.≈#..# #
###'#.#.≈.#≈≈≈§≈..≈≈≈≈≈#.≈#..####
##....#.≈.#≈≈≈§≈§.§≈≈≈≈#.≈......#
##...)#.≈.#............#.≈.......
.'......≈.######''######.≈.......
##....#.≈.#≈≈≈≈≈..≈≈≈≈≈#.≈.......
##......≈.#≈..........≈#.≈...##.#


There were no monsters in sight!

Vanquished Creatures
  Prince Ribbit (D:6)
  Sigmund (D:3)
  A sky beast (D:7)
  An ogre (D:5)
  An eye of draining (D:6)
  A centaur (D:5)
  A big kobold (D:5)
  A bullfrog (D:7)
  A gnoll sergeant (D:6)
  A scorpion (D:5)
  2 crimson imps
  4 hounds
  An orc priest (D:6)
  7 orc wizards
  Jessica (D:3)
  A bullfrog skeleton (D:6)
  An iguana (D:3)
  2 worker ants (D:4)
  Natasha (D:3)
  2 hound zombies
  A howler monkey zombie (D:6)
  8 adders
  13 gnolls
  An ooze (D:1)
  An adder zombie (D:7)
  An adder skeleton (D:7)
  3 worms (D:3)
  2 dart slugs
  2 leopard geckos
  25 orcs
  4 giant cockroaches
  9 hobgoblins
  6 kobolds
  A quokka (D:7)
  2 ball pythons
  6 bats
  4 frilled lizards
  2 goblins
  A leopard gecko skeleton (D:5)
  5 rats
129 creatures vanquished.

Notes
Turn   | Place    | Note
-------+----------+-------------------------------------------
     0 | D:1      | TheDeThijs the Minotaur Berserker began the quest for the Orb.
     0 | D:1      | Reached XP level 1. HP: 19/19 MP: 0/0
   101 | D:1      | Reached skill level 4 in Maces & Flails
   151 | D:1      | Reached XP level 2. HP: 24/27 MP: 1/1
  1015 | D:2      | Reached ** piety under Trog
  1513 | D:2      | Reached XP level 3. HP: 33/33 MP: 2/2
  1559 | D:2      | Reached skill level 5 in Maces & Flails
  1970 | D:2      | Reached XP level 4. HP: 41/41 MP: 3/3
  2655 | D:3      | Noticed Natasha
  2839 | D:2      | Reached skill level 6 in Maces & Flails
  3118 | D:3      | Found a shadowy altar of Dithmenos.
  3131 | D:3      | Reached skill level 1 in Slings
  3131 | D:3      | Reached XP level 5. HP: 31/47 MP: 4/4
  3304 | D:3      | Noticed Jessica
  3588 | D:3      | Reached *** piety under Trog
  3835 | D:3      | Noticed Sigmund
  3843 | D:3      | Killed Sigmund
  3843 | D:3      | Reached skill level 5 in Fighting
  3843 | D:3      | Reached skill level 7 in Maces & Flails
  3843 | D:3      | Reached XP level 6. HP: 56/56 MP: 5/5
  4017 | D:3      | Killed Natasha
  4037 | D:3      | Killed Jessica
  4051 | D:3      | Noticed Natasha
  4594 | D:4      | Reached XP level 7. HP: 56/61 MP: 6/6
  4658 | D:4      | Found Zawaz's Food Shoppe.
  5006 | D:4      | Found a staircase to the Ecumenical Temple.
  5008 | D:4      | Found a faded altar of an unknown god.
  5033 | Temple   | Entered the Ecumenical Temple
  5583 | D:4      | Found a bloodstained altar of Trog.
  5876 | D:5      | Entered Level 5 of the Dungeon
  5906 | D:5      | Found a glowing golden altar of the Shining One.
  6035 | D:5      | Reached skill level 8 in Maces & Flails
  6153 | D:5      | Reached skill level 5 in Slings
  7068 | D:6      | Found an opulent altar of Gozag.
  7310 | D:6      | Found a bloodstained altar of Trog.
  7345 | D:5      | Reached XP level 8. HP: 56/70 MP: 1/7
  7477 | D:6      | Found a sparkling altar of Nemelex Xobeh.
  7497 | D:6      | Noticed Prince Ribbit
  7520 | D:6      | Killed Prince Ribbit
  7520 | D:6      | Reached skill level 9 in Maces & Flails
  7702 | D:5      | Upgraded the game from 0.21.0-3-g78d12a8 to 0.21.1-1-g345015f
  7727 | D:6      | Found an iron altar of Okawaru.
  7804 | D:6      | Gained mutation: Armour fits poorly on your strangely shaped body. [potion of mutation]
  7804 | D:6      | Gained mutation: You are agile. (Dex +2) [potion of mutation]
  7804 | D:6      | HP: 3/71 [gnoll sergeant/trident of protection (11)]
  7812 | D:6      | HP: 2/71 [gnoll/club (3)]
  7815 | D:7      | Reached **** piety under Trog
  7823 | D:7      | HP: 2/71 [hound zombie (2)]
  7831 | D:6      | HP: 2/71 [orc/stone (1)]
  8112 | D:6      | Received a gift from Trog
  8406 | D:7      | Reached skill level 1 in Throwing
  8531 | D:7      | Found a burning altar of Makhleb.
  8834 | D:$      | Got out of the dungeon alive.

Skill      XL: |  1  2  3  4  5  6  7  8 |
---------------+-------------------------+-----
Maces & Flails | 4 5 6 7 8 9 |  9.9
Fighting       | 4 5 6 7 |  7.1
Slings         | 1 3 4 5 6 |  6.6
Throwing       | 1 |  1.3
Armour         | 3 |  3.1
Dodging        | |  2.7

Action                   |  1- 3 |  4- 6 |  7- 9 || total
-------------------------+-------+-------+-------++-------
Melee: Mace              |    45 |    58 |   152 ||   255
       Headbutt          |     6 |     8 |    27 ||    41
 Fire: Hunting sling     |       |    68 |   132 ||   200
Throw: Stone             |    13 |     3 |    11 ||    27
Invok: Berserk           |       |     3 |     3 ||     6
       Trog's Hand       |       |     1 |     3 ||     4
       Burn Spellbooks   |       |       |     1 ||     1
  Use: Potion            |       |     3 |     4 ||     7
       Scroll            |       |     5 |     4 ||     9
  Eat: Chunk             |     3 |     7 |     7 ||    17
       Ration            |       |     1 |     3 ||     4
Armor: Animal skin       |     9 |     7 |     5 ||    21
       Scale mail        |       |       |    49 ||    49
Dodge: Dodged            |    40 |    33 |    86 ||   159
